 Dungeon Crawl Stone Soup version 0.22-a0-348-gd16d139 (webtiles) character file.

4349 zero the Covert (level 10, -8/49 HPs)
             Began as a Spriggan Enchanter on Apr 9, 2018.
             Was a Priest of Vehumet.
             Mangled by an orc warrior
             ... wielding a +0 battleaxe
              (15 damage)
             ... on level 9 of the Dungeon.
             The game lasted 00:21:45 (10398 turns).

zero the Covert (Spriggan Enchanter)               Turns: 10398, Time: 00:21:46

Health: -8/49      AC:  5    Str:  4    XL:     10   Next: 12%
Magic:  15/26      EV: 26    Int: 18    God:    Vehumet [***...]
Gold:   475        SH:  9    Dex: 24    Spells: 8/17 levels left

rFire    . . .     SeeInvis +   c - +3 dagger (venom)
rCold    . . .     Gourm    .   a - +0 buckler
rNeg     . . .     Faith    .   b - +1 robe
rPois    .         Spirit   .   h - +2 hat
rElec    .         Reflect  .   (no cloak)
rCorr    .         Harm     .   (gloves unavailable)
MR       +....                  (boots unavailable)
Stlth    +++++.....             (no amulet)
HPRegen  0.16/turn              f - +5 ring of dexterity
MPRegen  0.20/turn              q - ring of magical power

@: very quick
A: very small, unfitting armour, see invisible, herbivore, speed 3, slow
metabolism 2
a: Renounce Religion


You were on level 9 of the Dungeon.
You worshipped Vehumet.
Vehumet was most pleased with you.
You were not hungry.

You visited 1 branch of the dungeon, and saw 10 of its levels.

You collected 475 gold pieces.

Inventory:

Hand Weapons
 c - a +3 dagger of venom (weapon)
 m - a +0 rapier
 w - a +1 short sword of venom
 A - a +1 dagger of holy wrath
Armour
 a - a +0 buckler (worn)
 b - a +1 robe (worn)
 h - a +2 hat (worn)
Jewellery
 f - a +5 ring of dexterity (left hand)
 k - an uncursed ring of poison resistance
 l - an uncursed ring of positive energy
 q - a ring of magical power (right hand)
 v - an uncursed ring of flight
 y - a +2 ring of protection
 E - an uncursed ring of resist corrosion {unknown}
Wands
 o - a wand of iceblast (5)
 B - a wand of digging (16)
 C - a wand of paralysis (12)
Scrolls
 e - 3 scrolls of teleportation
 i - 4 scrolls of remove curse
 t - 2 scrolls of fog
 u - a scroll of fear
 x - a scroll of amnesia
 z - a scroll of enchant weapon
 D - 2 scrolls of magic mapping
 F - a scroll of identify
Potions
 g - 2 potions of agility
 j - 3 potions of curing
 n - 2 potions of invisibility
 p - 4 potions of flight {unknown}
 r - 3 potions of heal wounds {unknown}
 s - 4 potions of mutation {unknown}
Comestibles
 d - 5 rations


   Skills:
 - Level 3.1 Fighting
 + Level 5.6 Short Blades
 - Level 8.2 Dodging
 + Level 8.9 Stealth
 - Level 6.2 Shields
 - Level 4.0 Spellcasting
 - Level 8.1 Hexes
 - Level 4.5 Translocations


You had 8 spell levels left.
You knew the following spells:

 Your Spells              Type           Power        Failure   Level  Hunger
a - Corona                Hex            ####...      1%          1    None
b - Ensorcelled Hibernat  Hex/Ice        ###...       4%          2    ##.....
c - Apportation           Tloc           ###...       2%          1    None
d - Confuse               Hex            ####....     1%          3    ###....
e - Blink                 Tloc           N/A          3%          2    ##.....


Dungeon Overview and Level Annotations

Branches:
Dungeon (10/15)            Temple (0/1) D:5             Orc (0/2) D:9
   Lair: D:8-11

Altars:
Ashenzari
Cheibriados
Elyvilon
Fedhas
Hepliaklqana
Kikubaaqudgha
Makhleb
Qazlal
Ru
Sif Muna
Vehumet
Xom
The Shining One

Shops:
D:6 *   D:7 (

Annotations:
D:4 exclusion: statue


Innate Abilities, Weirdness & Mutations

You are very small and have problems with some larger weapons.
You are too small for most types of armour.
You have supernaturally acute eyesight. (SInv)
You are a herbivore.
You cover ground extremely quickly.
You need to consume almost no food.


Message History

The magic dart hits you! You block the orc's attack.
The orc warrior barely misses you.
Casting: Ensorcelled Hibernation (safe; 4% risk of failure)
Confirm with . or Enter, or press ? or * to list all spells.
Aiming: Ensorcelled Hibernation (safe; 4% risk of failure)
Press: ? - help, Shift-Dir - straight line, f/p - orc warrior
Aim: an orc warrior, wielding a battleaxe and wearing a plate armour (chance to defeat MR: 49%)
The orc warrior resists with some effort.
You block the orc wizard's attack. The orc barely misses you. x2
Casting: Ensorcelled Hibernation (safe; 4% risk of failure)
Confirm with . or Enter, or press ? or * to list all spells.
Aiming: Ensorcelled Hibernation (safe; 4% risk of failure)
Press: ? - help, Shift-Dir - straight line, f/p - orc warrior
Aim: an orc warrior, wielding a battleaxe and wearing a plate armour (chance to defeat MR: 49%)
The orc warrior resists with some effort.
The orc wizard points at you and mumbles some strange words.
The magic dart hits you!
* * * LOW HITPOINT WARNING * * *
The orc warrior hits you with a battleaxe!
You die...

..# #.#'###'#.## # ..#
...#####...### #
..###.8.......8.'.# .########
....#...#####...#.####...........
....##+ ########................
....... .........############...
######.. .........############..#
# . ........................ .
.......@................ .
######ooo............... .
#oo.#########..#### . #T..# #..#
. #...# #..# . ...... ...# .
....... ..... # ######### #######


You could see a troll, an orc warrior, an orc wizard and 3 orcs.

Vanquished Creatures
  A troll (D:5)
  A hippogriff (D:8)
  Eustachio (D:5)
  6 orc warriors
  2 ice beasts (D:6)
  A necrophage (D:8)
  A sky beast (D:7)
  A phantom (D:9)
  4 ogres
  2 centaurs
  2 big kobolds
  4 bullfrogs
  A wyvern skeleton (D:3)
  A scorpion (D:7)
  4 killer bees (D:8)
  3 wights (D:7)
  An electric eel (D:6)
  A howler monkey (D:4)
  2 crimson imps
  A bullfrog zombie (D:6)
  A centaur zombie (D:5)
  3 jellies
  6 orc priests
  2 hounds
  11 orc wizards
  A bullfrog skeleton (D:7)
  A centaur skeleton (D:7)
  Jessica (D:8)
  Ijyb (D:3)
  2 iguanas
  6 worker ants
  A hound skeleton (D:8)
  3 gnolls
  13 adders
  3 shadow imps
  An adder zombie (D:7)
  An adder skeleton (D:9)
  A worm (D:2)
  3 dart slugs
  3 leopard geckos
  51 orcs
  7 bats
  8 giant cockroaches
  9 goblins
  7 hobgoblins
  16 jackals
  14 kobolds
  5 quokkas
  5 frilled lizards
  A leopard gecko skeleton (D:5)
  9 rats
236 creatures vanquished.

Notes
Turn   | Place    | Note
-------+----------+-------------------------------------------
     0 | D:1      | zero the Spriggan Enchanter began the quest for the Orb.
     0 | D:1      | Reached XP level 1. HP: 9/9 MP: 5/5
    79 | D:1      | Reached XP level 2. HP: 12/13 MP: 6/6
    83 | D:1      | Learned a level 2 spell: Ensorcelled Hibernation
   155 | D:2      | Reached skill level 5 in Stealth
   519 | D:2      | Found a faded altar of an unknown god.
   534 | D:2      | Found a blossoming altar of Fedhas.
   551 | D:2      | Found a glowing golden altar of the Shining One.
   588 | D:2      | Learned a level 1 spell: Apportation
   823 | D:2      | Reached XP level 3. HP: 16/16 MP: 8/8
   833 | D:2      | Learned a level 3 spell: Confuse
   937 | D:2      | Reached skill level 1 in Shields
   937 | D:2      | Reached skill level 1 in Translocations
  1266 | D:3      | Reached XP level 4. HP: 21/21 MP: 9/9
  1475 | D:4      | Noticed an ogre
  1476 | D:4      | Killed an ogre
  1476 | D:4      | Reached XP level 5. HP: 24/24 MP: 10/10
  1786 | D:3      | Noticed Ijyb
  1792 | D:3      | Reached XP level 6. HP: 28/28 MP: 4/11
  1992 | D:3      | Killed Ijyb
  2431 | D:3      | Found a snail-covered altar of Cheibriados.
  3598 | D:5      | Entered Level 5 of the Dungeon
  3667 | D:5      | Noticed Eustachio
  3679 | D:5      | Killed Eustachio
  3743 | D:4      | Reached XP level 7. HP: 29/32 MP: 12/12
  3883 | D:4      | Found a radiant altar of Vehumet.
  3891 | D:4      | Became a worshipper of Vehumet
  4034 | D:5      | Found a staircase to the Ecumenical Temple.
  4580 | D:5      | Noticed a troll
  5359 | D:5      | Reached skill level 5 in Short Blades
  5631 | D:5      | Killed a troll
  5631 | D:5      | Reached XP level 8. HP: 30/36 MP: 13/13
  5702 | D:5      | Found a stormy altar of Qazlal.
  6084 | D:6      | Reached skill level 5 in Shields
  6115 | D:6      | Found a white marble altar of Elyvilon.
  6436 | D:6      | Found a shimmering altar of Xom.
  6438 | D:6      | Found a hazy altar of Hepliaklqana.
  6438 | D:6      | Noticed an unseen horror
  6440 | D:6      | Noticed a spectral ugly thing
  6440 | D:6      | Noticed an unseen horror
  6754 | D:6      | Reached * piety under Vehumet
  6754 | D:6      | Offered knowledge of Flame Tongue by Vehumet.
  7010 | D:6      | Found a sacrificial altar of Ru.
  7148 | D:6      | Found Qudi's Assorted Antiques.
  7195 | D:6      | Reached skill level 5 in Hexes
  7195 | D:6      | Reached XP level 9. HP: 39/39 MP: 13/16
  7905 | D:7      | Found Tiruor's Antique Weapon Emporium.
  7920 | D:7      | Offered knowledge of Throw Frost by Vehumet.
  7922 | D:7      | Reached ** piety under Vehumet
  8110 | D:7      | Found a shattered altar of Ashenzari.
  8487 | D:7      | Reached skill level 1 in Fighting
  8584 | D:7      | Found an ancient bone altar of Kikubaaqudgha.
  8851 | D:8      | Found a burning altar of Makhleb.
  8862 | D:8      | Reached skill level 5 in Dodging
  9008 | D:8      | Offered knowledge of Searing Ray by Vehumet.
  9109 | D:8      | Learned a level 2 spell: Blink
  9197 | D:8      | Noticed Jessica
  9217 | D:8      | Killed Jessica
  9225 | D:8      | Found a deep blue altar of Sif Muna.
  9652 | D:10     | Entered Level 10 of the Dungeon
  9671 | D:9      | Reached *** piety under Vehumet
  9811 | D:9      | Reached XP level 10. HP: 49/49 MP: 17/17
 10224 | D:9      | Found a staircase to the Orcish Mines.
 10234 | D:9      | Offered knowledge of Iskenderun's Mystic Blast by Vehumet.
 10398 | D:9      | Mangled by an orc warrior

Vault maps used:
D:1:      minmay_arrival_open_corners
D:2:      old_standard_altar, fedhas_altar_2, first_ration,
          chequers_ecumenical_altar_simple_redux, kennysheep_generic_room_12
D:3:      lemuel_doored_altar, serial_co_window_serial,
          co_window_of_opportunity_a, co_window_paths_b, co_window_corner_a,
          co_window_of_opportunity_a, co_window_corner_a,
          co_window_unsneaky_path_c, co_window_broadway_a, co_window_corner_cb,
          co_window_of_opportunity_b, co_window_4corner_a, uniq_ijyb
D:4:      vehumet_statue
D:5:      nicolae_qazlal_general_emergency, minmay_temple_entry_mist,
          uniq_eustachio
D:6:      regret_index_temple_of_mockery, lemuel_crystal_altar,
          nicolae_ru_great_annihilating_truth, serial_shops, shop, minivault_4,
          eino_tiny_chamber
D:7:      kiku_gazebo_pond_becter, nicolae_ashenzari_panopticon, serial_shops,
          nicolae_shop_behind_doors
D:8:      tgw_sif, makhleb_blood_cavern_becter
D:9:      nrook_guardian_serpent_snake_passage, hiddenorc2_lemuel, basic_altar,
          hangedman_glass_teeth, hangedman_little_slice_of_home
D:10:     serial_bayou_lake_a

Skill      XL: |  1  2  3  4  5  6  7  8  9 |
---------------+----------------------------+-----
Stealth        | 5 6 7 8 |  8.9
Short Blades   | 2 3 4 5 |  5.6
Shields        | 1 2 4 6 |  6.2
Translocations | 1 3 4 |  4.5
Spellcasting   | 4 |  4.0
Hexes          | 5 8 |  8.1
Fighting       | 3 |  3.1
Dodging        | 8 |  8.2

Action                   |  1- 3 |  4- 6 |  7- 9 | 10-12 || total
-------------------------+-------+-------+-------+-------++-------
Melee: Dagger            |    68 |    78 |   369 |    67 ||   582
 Cast: Ensorcelled Hiber |     2 |    12 |    65 |    28 ||   107
       Confuse           |       |     3 |    11 |       ||    14
       Apportation       |       |     1 |     1 |       ||     2
 Abil: Evoke Flight      |       |       |     1 |       ||     1
  Use: Scroll            |       |     6 |     8 |       ||    14
 Stab: Sleeping          |    13 |    23 |    63 |    14 ||   113
       Confused          |       |     5 |     9 |       ||    14
       Distracted        |       |     1 |     2 |     1 ||     4
  Eat: Ration            |       |     1 |     5 |     1 ||     7
Armor: Robe              |     3 |     4 |    28 |     1 ||    36
Dodge: Dodged            |    31 |    29 |   229 |    53 ||   342
Block: Buckler           |    11 |    13 |   148 |    35 ||   207

Table legend:
 A = Spawn XP
 B = Non-spawn XP
 C = Spawn XP percentage of total XP
 D = Spawn monster count
 E = Non-spawn monster count
 F = Spawn count percentage of total count
 G = Total turns spent on level
                    A         B        C        D         E        F      G
               +---------+---------+-------+---------+---------+-------+---------
         Total |       0 |    6213 |   0.0 |       0 |     236 |   0.0 | 10398
               +---------+---------+-------+---------+---------+-------+---------
           D:1 |       0 |      42 |   0.0 |       0 |      24 |   0.0 |   687
           D:2 |       0 |     103 |   0.0 |       0 |      27 |   0.0 |  1650
           D:3 |       0 |     212 |   0.0 |       0 |      16 |   0.0 |  1192
           D:4 |       0 |     558 |   0.0 |       0 |      15 |   0.0 |  1274
           D:5 |       0 |     726 |   0.0 |       0 |      19 |   0.0 |  1545
           D:6 |       0 |    1455 |   0.0 |       0 |      39 |   0.0 |  1513
           D:7 |       0 |     851 |   0.0 |       0 |      32 |   0.0 |   863
           D:8 |       0 |    1237 |   0.0 |       0 |      28 |   0.0 |  1101
           D:9 |       0 |    1029 |   0.0 |       0 |      36 |   0.0 |   571
               +---------+---------+-------+---------+---------+-------+---------
